 Dungeon Crawl Stone Soup version 0.27-a0-705-ga0013940fb (webtiles) character file.

Game seed: 10065042914935248508

1469 robertstho the Covert (level 8, -5/85 HPs)
             Began as an Octopode Berserker on Mar 22, 2021.
             Was an Elder of Trog.
             Slain by an iguana (7 damage)
             ... on level 6 of the Dungeon.
             The game lasted 00:08:27 (7922 turns).

robertstho the Covert (Octopode Berserker)          Turns: 7922, Time: 00:08:27

Health: -5/85      AC:  1    Str: 18    XL:     8   Next: 77%
Magic:  8/8        EV: 12    Int: 16    God:    Trog [****..]
Gold:   232        SH:  8    Dex: 11    Spells: 7/7 levels left

rFire    . . .     SeeInvis .   n - +0 short sword (venom)
rCold    . . .     Faith    .   p - +0 kite shield
rNeg     . . .     Spirit   .   (helmet restricted)
rPois    .         Reflect  .   r - amulet of the acrobat
rElec    .         Harm     .   b - +6 ring of intelligence
rCorr    .         Rampage  .   (no ring)
Will     .....                  (no ring)
Stlth    ..........             (no ring)
HPRegen  0.24/turn              (no ring)
MPRegen  0.11/turn              (no ring)
                                (no ring)
                                (no ring)

@: berserking, very quick
A: almost no armour, amphibious, 8 rings, camouflage 1, gelatinous body 1,
nimble swimmer 1, tentacles
a: Renounce Religion, Berserk, Trog's Hand, Brothers in Arms


You were on level 6 of the Dungeon.
You worshipped Trog.
Trog was greatly pleased with you.
You visited 1 branch of the dungeon, and saw 6 of its levels.

You collected 232 gold pieces.

Inventory:

Hand Weapons
 f - a +1 vampiric short sword
 k - a +2 short sword of protection
 n - a +0 short sword of venom (weapon)
Armour
 p - a +0 kite shield (worn)
Jewellery
 b - a +6 ring of intelligence (left tentacle)
 r - an amulet of the acrobat (around mantle)
Scrolls
 g - 2 scrolls of enchant armour
 i - a scroll of fog {unknown}
 j - 4 scrolls of amnesia {unknown}
 m - a scroll of fear
 q - 2 scrolls of immolation {unknown}
 s - a scroll of holy word {unknown}
Potions
 c - 2 potions of might
 d - a potion of magic
 e - a potion of curing
 h - a potion of haste
 l - 2 potions of lignification
 o - a potion of invisibility {unknown}


   Skills:
 * Level 5.7 Fighting
 + Level 5.3 Short Blades
 * Level 6.1 Dodging
 * Level 8.5 Stealth
 + Level 1.4 Shields


You had 7 spell levels left.
You didn't know any spells.
Your spell library was empty.

Dungeon Overview and Level Annotations

Branches:
Dungeon (6/15)             Temple (0/1) D:5

Altars:
Gozag
Hepliaklqana
Sif Muna
Trog
Wu Jian
Zin
The Shining One

Shops:
D:1 *   D:3 (

Annotations:
D:3 3 runed translucent doors, OTABOTABOTAB's ghost, amateur FoFi


Innate Abilities, Weirdness & Mutations

You cannot wear most types of armour.
You are amphibious.
You can wear up to eight rings at the same time.
Your skin changes colour to match your surroundings (Stealth+).
Your rubbery body absorbs attacks. (AC +1, EV +1)
You are stealthy while swimming. (Stealth+)
You have tentacles for arms and can constrict up to eight enemies at once.


Message History

You kill the orc!
Trog accepts your kill. The ice beast completely misses you.
The iguana closely misses you.
You hit the ice beast.
The ice beast is poisoned.
The ice beast is lightly wounded.
The ice beast hits you. The ice beast freezes you!
You block the iguana's attack.
You completely miss the ice beast.
You squeeze the ice beast, but do no damage.
The ice beast is moderately wounded.
The ice beast hits you. The ice beast freezes you!
The iguana barely misses you. The iguana bites you!
The ice beast barely misses you.
A red film seems to cover your vision as you go berserk!
You feel yourself moving faster!
You feel mighty! You block the iguana's attack.
You block the ice beast's attack.
You hit the ice beast.
The ice beast is heavily wounded.
You hit the ice beast.
The ice beast is almost dead.
The iguana barely misses you. The ice beast hits you.
The ice beast freezes you!
* * * LOW HITPOINT WARNING * * *
You puncture the ice beast!
You feel the power of Trog in you as your rage grows.
You kill the ice beast!
Trog accepts your kill. The iguana barely misses you.
You barely miss the iguana. Your grab misses the iguana.
Your squeeze misses the iguana. The iguana bites you!
* * * LOW HITPOINT WARNING * * *
You closely miss the iguana. You grab the iguana. You constrict the iguana.
You barely miss the iguana.
The iguana is lightly wounded.
You constrict the iguana. The iguana closely misses you.
Your shield prevents you from hitting the iguana.
You squeeze the iguana!
The iguana is severely wounded.
You constrict the iguana. The iguana bites you!
You die...

#... ##. ###.... #......
..## #...#.. ##......
..# ###.##... #......#
#.###........ #......#
#.##.........
##......####............
.............#..........
......l...).............
..###@.#####.._.......
#)## #.......... #)..#
........... ....#
#.......<... .....#
..?......... .......
........#..# .###.....
......# $. #...##. ..
#.### .#


You could see an iguana.

Vanquished Creatures
  Edmund (D:5)
  Duvessa (D:4)
  An orc warrior (D:5)
  An ice beast (D:6)
  An ogre (D:5)
  A centaur (D:5)
  A phantom (D:4)
  A gnoll sergeant (D:5)
  Dowan (D:4)
  A scorpion (D:4)
  A centaur zombie (D:5)
  A bullfrog skeleton (D:5)
  An orc priest (D:4)
  2 hounds
  An iguana (D:4)
  2 worker ants
  4 orc wizards
  A worker ant zombie (D:5)
  A howler monkey skeleton (D:5)
  A howler monkey zombie (D:5)
  5 adders
  8 gnolls
  A white imp (D:5)
  5 ufetubi
  2 adder skeletons
  7 worms
  3 dart slugs
  15 orcs
  6 ball pythons
  2 giant cockroaches
  8 goblins
  7 hobgoblins
  8 jackals
  5 kobolds
  4 oozes
  6 quokkas
  5 bats
  4 frilled lizards
  A jackal skeleton (D:5)
  12 rats
139 creatures vanquished.

Vanquished Creatures (others)
  2 fungi (D:3)
  2 plants (D:3)
4 creatures vanquished.

Grand Total: 143 creatures vanquished

Notes
Turn   | Place    | Note
-------+----------+-------------------------------------------
     0 | D:1      | robertstho the Octopode Berserker began the quest for the
                  | Orb.
     0 | D:1      | Reached XP level 1. HP: 16/16 MP: 1/1
     3 | D:1      | Noticed an electric eel
     4 | D:1      | Noticed an electric eel
   235 | D:1      | Reached XP level 2. HP: 21/21 MP: 2/2
   239 | D:1      | Found Duifuum's General Store.
   691 | D:1      | Reached skill level 1 in Stealth
   919 | D:1      | Reached XP level 3. HP: 24/26 MP: 3/3
   946 | D:1      | Reached ** piety under Trog
  1820 | D:2      | Found a hazy altar of Hepliaklqana.
  1820 | D:2      | Found a glowing golden altar of the Shining One.
  2042 | D:2      | Reached skill level 2 in Stealth
  2132 | D:2      | Reached XP level 4. HP: 30/31 MP: 4/4
  2386 | D:2      | Found a glowing silver altar of Zin.
  2458 | D:3      | Found Soczinki's Antique Weapon Shop.
  2642 | D:3      | Found an ornate altar of the Wu Jian Council.
  2661 | D:3      | Reached skill level 3 in Stealth
  2661 | D:3      | Reached XP level 5. HP: 19/37 MP: 5/5
  3186 | D:3      | Found a runed translucent gate.
  3186 | D:3      | Found a runed translucent gate.
  3186 | D:3      | Found a runed translucent gate.
  3187 | D:3      | Identified the +2 short sword of Pestilence {venom, Will-
                  | Str+2 SInv}
  3187 | D:3      | Noticed a kobold brigand
  3188 | D:3      | Noticed OTABOTABOTAB's ghost (amateur FoFi)
  3200 | D:3      | Reached *** piety under Trog
  3822 | D:4      | Reached skill level 4 in Stealth
  3826 | D:4      | Reached XP level 6. HP: 28/43 MP: 6/6
  4121 | D:4      | Noticed Duvessa
  4124 | D:4      | Noticed Dowan
  4130 | D:4      | Killed Duvessa
  4131 | D:4      | Reached skill level 5 in Stealth
  4137 | D:4      | Killed Dowan
  4138 | D:4      | Reached XP level 7. HP: 29/49 MP: 7/7
  4482 | D:4      | Reached skill level 6 in Stealth
  5333 | D:5      | Entered Level 5 of the Dungeon
  5371 | D:5      | Found a staircase to the Ecumenical Temple.
  5821 | D:5      | Reached skill level 5 in Dodging
  5842 | D:5      | Found a bloodstained altar of Trog.
  5849 | D:5      | Reached skill level 5 in Fighting
  6160 | D:5      | Found a shimmering blue altar of Sif Muna.
  6248 | D:5      | Reached skill level 7 in Stealth
  6448 | D:5      | Reached XP level 8. HP: 28/55 MP: 8/8
  7236 | D:5      | Noticed Edmund
  7245 | D:5      | Killed Edmund
  7246 | D:5      | Reached skill level 5 in Short Blades
  7246 | D:5      | Reached skill level 1 in Shields
  7542 | D:6      | Reached skill level 8 in Stealth
  7764 | D:6      | Found an opulent altar of Gozag.
  7783 | D:6      | Reached **** piety under Trog
  7888 | D:6      | Found a glowing silver altar of Zin.
  7919 | D:6      | HP: 2/85 [iguana (13)]
  7922 | D:6      | Slain by an iguana

Illustrated notes

Levels and vault maps discovered:
D:1:      arrival_aquarium_b, layout_basic, serial_shops, shop
D:2:      layout_basic, gammafunk_temple_overflow_wave, marbit_many_paths
D:3:      layout_rooms, nicolae_wu_jian_wuxing_cycle,
          gammafunk_ghost_nasty_kobolds, serial_shops, shop, st_stairs_4,
          kennysheep_generic_room_15
D:4:      layout_layer_cave, chequers_serial_rivers_marsh, uniq_duvessa
D:5:      layout_gridville, nzn_overflow_gifts_of_might_and_magic,
          minmay_temple_entry_mist, st_stairs_7, minivault_11,
          kennysheep_generic_room_4, uniq_edmund
D:6:      minmay_octagon_keep, layout_rooms, grunt_temple_overflow_opulence,
          serial_shops, nicolae_shop_window_shopping, basic_altar,
          minmay_misc_feat_cross, nicolae_gozag_seed_capital

Skill      XL: |  1  2  3  4  5  6  7  8 |
---------------+-------------------------+-----
Stealth        | 1 2 3 4 5 7 8 |  8.5
Fighting       | 4 5 |  5.7
Dodging        | 4 5 6 |  6.1
Short Blades   | 4 5 |  5.3
Shields        | 1 |  1.4

Action                   |  1- 3 |  4- 6 |  7- 9 || total
-------------------------+-------+-------+-------++-------
Melee: Short sword       |    67 |   107 |   144 ||   318
       Constrict         |    18 |    21 |    33 ||    72
       Tentacles         |    13 |    19 |    21 ||    53
Invok: Berserk           |     2 |     6 |     6 ||    14
       Trog's Hand       |       |     1 |     2 ||     3
  Use: Scroll            |     3 |     3 |     1 ||     7
 Stab: Sleeping          |     7 |     5 |    10 ||    22
       Distracted        |       |     1 |       ||     1
Armor: Skin              |     4 |    10 |    10 ||    24
Dodge: Dodged            |    28 |    59 |    62 ||   149
Block: Kite shield       |       |       |    43 ||    43

Table legend: (Time is in decaauts)
 A = Elapsed time spent in this place.
 B = Non-inter-level travel time spent in this place.
 C = Inter-level travel time spent in this place.
 D = Time resting spent in this place.
 E = Time spent auto-exploring this place.
 F = Levels seen in this place.
 G = Mean time per level.
                   A        B        C        D        E       F      G
               +--------+--------+--------+--------+--------+-----+--------+
         Total |   8033 |   7794 |    239 |   1975 |   4775 |   6 | 1338.8 |
       Dungeon |   8033 |   7794 |    239 |   1975 |   4775 |   6 | 1338.8 |
               +--------+--------+--------+--------+--------+-----+--------+

Top non-repeatable levels by time:
     D:5: 2108 daAuts
     D:4: 2094 daAuts
     D:1: 1458 daAuts
     D:2: 1313 daAuts
     D:3: 874 daAuts
     D:6: 184 daAuts
